 Dungeon Crawl Stone Soup version 0.25-a0-1130-g3926558f3a (webtiles) character file.

Game seed: 5270031742310013721, levelgen mode: deterministic

77 kae the Firebug (level 4, -3/24 HPs)
             Began as a Tengu Fire Elementalist on May 19, 2020.
             Killed from afar by Natasha (7 damage)
             ... with a magic dart
             ... on level 2 of the Dungeon.
             The game lasted 00:01:03 (1822 turns).

kae the Firebug (Tengu Fire Elementalist)           Turns: 1822, Time: 00:01:04

Health: -3/24      AC:  2    Str:  8    XL:     4   Next: 33%
Magic:  2/8        EV: 12    Int: 17    God:
Gold:   25         SH:  0    Dex: 14    Spells: 7/8 levels left

rFire    . . .     SeeInvis .   b - +0 spear
rCold    . . .     Gourm    .   (no shield)
rNeg     . . .     Faith    .   a - +0 robe
rPois    .         Spirit   .   (helmet restricted)
rElec    .         Reflect  .   (no cloak)
rCorr    .         Harm     .   (no gloves)
MR       .....                  (boots unavailable)
Stlth    ++........             (no amulet)
HPRegen  0.08/turn              (no ring)
MPRegen  0.11/turn              (no ring)

@: very slightly contaminated
A: beak, talons 3
a: no special abilities


You were on level 2 of the Dungeon.
You were not hungry.

You visited 1 branch of the dungeon, and saw 2 of its levels.

You collected 25 gold pieces.

Inventory:

Hand Weapons
 b - a +0 spear (weapon)
Armour
 a - a +0 robe (worn)
Jewellery
 i - a +4 ring of protection {unknown}
 j - an uncursed ring of positive energy {unknown}
 k - an uncursed amulet of magic regeneration {unknown}
Scrolls
 g - a scroll of amnesia {unknown}
 h - a scroll of magic mapping {unknown}
 l - a scroll of remove curse {unknown}
Potions
 d - 2 potions of heal wounds {unknown}
 e - 4 potions of curing
 f - a potion of ambrosia {unknown}
Comestibles
 c - a ration


   Skills:
 - Level 2.1 Dodging
 - Level 2.0 Stealth
 + Level 2.6 Spellcasting
 + Level 2.8 Conjurations
 * Level 4.5 Fire Magic


You had 7 spell levels left.
You knew the following spells:

 Your Spells              Type           Power        Failure   Level  Hunger
a - Foxfire               Conj/Fire      ##..         4%          1    #......

Your spell library contained the following spells:

 Spells                   Type           Power        Failure   Level  Hunger
 Conjure Flame            Conj/Fire      ##......     12%         3    ###....
 Inner Flame              Hex/Fire       ##......     22%         3    ###....
 Sticky Flame             Conj/Fire      ##......     36%         4    #####..
 Fireball                 Conj/Fire      ##........   73%         5    ######.


Dungeon Overview and Level Annotations

Branches:
Dungeon (2/15)

Altars:

Annotations:
D:2 Natasha


Innate Abilities, Weirdness & Mutations

You have a beak for a mouth.
You have claws for feet.


Message History

The shadow imp is almost dead.
Natasha casts a spell.
The shadow imp closely misses you.
Casting: Foxfire (safe; 4% risk of failure)
Confirm with . or Enter, or press ? or * to list all spells.
You conjure some foxfire!
Natasha closely misses you. The shadow imp hits you.
The foxfire hits the shadow imp but does no damage.
The shadow imp is almost dead.
The foxfire hits the shadow imp.
You kill the shadow imp!
Natasha claws you.
* * * LOW HITPOINT WARNING * * *
Casting: Foxfire (safe; 4% risk of failure)
Confirm with . or Enter, or press ? or * to list all spells.
You miscast Foxfire.
You are very lightly contaminated with residual magic.
Nothing appears to happen.
Natasha stares at you and mumbles some strange words.
The magic dart hits you!
You die...

######## ......# .....#
########## ### .....#
#........# .... #...##
#........#
.....##...###........#
.....5h5...##........##
#@..............#
##ยง......###.##.##
#.#..##..##..#...
#..##.......#...##
...####......###...
.### ##......####.
...########......# #. .
...............####.
...######...........


You could see Natasha, a crimson imp (summoned) and a white imp (summoned).

Vanquished Creatures
  Natasha (D:2)
  A gnoll (D:1)
  An adder (D:2)
  2 oozes (D:1)
  A dart slug (D:1)
  A leopard gecko (D:1)
  A bat (D:2)
  A giant cockroach (D:2)
  7 goblins
  A hobgoblin (D:1)
  A kobold (D:1)
  2 frilled lizards
  4 rats (D:1)
24 creatures vanquished.

Vanquished Creatures (others)
  68 foxfires
68 creatures vanquished.

Grand Total: 92 creatures vanquished

Notes
Turn   | Place    | Note
-------+----------+-------------------------------------------
     0 | D:1      | kae the Tengu Fire Elementalist began the quest for the
                  | Orb.
     0 | D:1      | Reached XP level 1. HP: 10/10 MP: 4/4
   165 | D:1      | Reached XP level 2. HP: 15/15 MP: 1/6
   885 | D:1      | Reached skill level 4 in Fire Magic
   885 | D:1      | Reached XP level 3. HP: 17/19 MP: 2/7
  1685 | D:2      | Noticed Natasha
  1695 | D:2      | Killed Natasha
  1695 | D:2      | Reached XP level 4. HP: 24/24 MP: 2/8
  1808 | D:2      | Noticed Natasha
  1822 | D:2      | Killed from afar by Natasha

Illustrated notes

Levels and vault maps discovered:
D:1:      minmay_arrival_four_loops, layout_basic
D:2:      layout_rooms, overflow_temple_1_default, uniq_natasha

Skill      XL: |  1  2 |
---------------+-------+-----
Conjurations   | 2 |  2.8
Fire Magic     | 4 |  4.5
Dodging        | |  2.1
Stealth        | |  2.0
Spellcasting   | |  2.6

Action                   |  1- 3 |  4- 6 || total
-------------------------+-------+-------++-------
Melee: Spear             |    28 |     1 ||    29
       Peck              |     2 |       ||     2
       Kick              |     3 |       ||     3
 Cast: Foxfire           |    38 |     6 ||    44
 Stab: Sleeping          |     3 |       ||     3
  Eat: Chunk             |     2 |     1 ||     3
Armor: Robe              |     1 |     2 ||     3
Dodge: Dodged            |    18 |     7 ||    25

Table legend:
 A = Non-vault XP
 B = Vault XP
 C = Vault XP percentage of total XP
 D = Non-vault monster count
 E = Vault monster count
 F = Vault count percentage of total count
                 A         B        C        D         E       F
            +---------+---------+-------+---------+---------+-------
      Total |      74 |      36 |  32.7 |      23 |       1 |   4.2
            +---------+---------+-------+---------+---------+-------
        D:1 |      55 |       0 |   0.0 |      18 |       0 |   0.0
        D:2 |      19 |      36 |  65.5 |       5 |       1 |  16.7
            +---------+---------+-------+---------+---------+-------
